cohdb
Replays
Latest Replays
All Replays
Popular Replays
Top Player Replays
Match Explorer
How It Works
Community
CoH3 Stats
Reddit
Sign in to upload your games and track your stats! →
Sign in with Steam
Match 40720192
Unlisted
Match 40720192
Overview
Messages
Build Orders
End
Construct Infanterie Kompanie
Pioneer Squad
Selects Breakthrough Battlegroup
Selects Assault Grenadiers
Grenadier Squad
MG 42 Machine Gun Team
Grenadier Squad
Infanterie Officer Quarters
Grenadier Squad
Construct Panzergrenadier Kompanie
Support Elements
Selects Rapid Production
Timezeit
WoW
Mael Radec
Maxwell cat
Juan
L'hermite
Voudou Pete
Phantom
0
0
Comments
sign in to comment!
No comments posted yet!